 Dungeon Crawl Stone Soup version 0.19-a0-1922-g1e9a4c1 (webtiles) character file.

224 LORDOFBUTT the Skirmisher (level 6, -4/72 HPs)
             Began as a Human Berserker on Oct 24, 2016.
             Was a Priest of Trog.
             Slain by a scorpion (7 damage)
             ... on level 4 of the Dungeon.
             The game lasted 00:03:17 (3873 turns).

LORDOFBUTT the Skirmisher (Human Berserker)         Turns: 3873, Time: 00:03:17

Health: -4/72      AC:  9    Str: 23    XL:     6   Next: 20%
Magic:  6/6        EV: 13    Int:  5    God:    Trog [***...]
Gold:   135        SH:  0    Dex: 12    Spells: 0 memorised, 5 levels left

rFire  . . .     SeeInvis .     j - +2 flail (protect)
rCold  . . .     Gourm    .     b - +0 animal skin
rNeg   . . .     Faith    .     (no shield)
rPois  .         Spirit   .     (no helmet)
rElec  .         Reflect  .     (no cloak)
rCorr  .         Harm     .     (no gloves)
MR     .....                    (no boots)
Stlth  ..........               (no amulet)
                                i - -2 ring of intelligence (curse)
                                f - -2 ring of dexterity (curse)

@: berserking, lethally poisoned (-4 -> -16), protection aura, very quick
A: no striking features
a: Berserk, Trog's Hand, Burn Spellbooks, Renounce Religion


You were on level 4 of the Dungeon.
You worshipped Trog.
Trog was most pleased with you.
You were not hungry.

You visited 1 branch of the dungeon, and saw 4 of its levels.

You collected 135 gold pieces.

Inventory:

Hand Weapons
 j - a +2 flail of protection (weapon)
Armour
 b - a +0 animal skin (worn)
Jewellery
 d - an uncursed amulet of guardian spirit
 f - a cursed -2 ring of dexterity (left hand)
 i - a cursed -2 ring of intelligence (right hand)
 m - an uncursed amulet of the gourmand {unknown}
Wands
 h - a wand of slowing (11/48)
 o - a wand of iceblast (7/15)
Scrolls
 a - a scroll of amnesia {unknown}
 k - 2 scrolls of blinking
Potions
 e - a potion of berserk rage
 g - 2 potions of curing
 n - a potion of cure mutation
Comestibles
 c - a bread ration
 l - 3 chunks of flesh


   Skills:
 + Level 4.2 Fighting
 + Level 4.1 Maces & Flails
 + Level 3.1 Armour
 + Level 3.4 Dodging


You had 5 spell levels left.
You didn't know any spells.

Dungeon Overview and Level Annotations

Branches:
Dungeon (4/15)
 Temple: D:4-7

Altars:


Message History

You are too injured to fight recklessly!
You are too injured to fight recklessly!
You are too injured to fight recklessly!
You are too injured to fight recklessly!
You sock the ogre!
Your weapon exudes an aura of protection.
The ogre is heavily wounded.
You feel sick. The scorpion barely misses you.
You sock the ogre!
The ogre is almost dead.
The ogre barely misses you. The scorpion stings you!
* * * LOW HITPOINT WARNING * * *
You are lethally poisoned!
The scorpion poisons you!
You are too berserk!
You hit the ogre.
The ogre is almost dead.
* * * LOW HITPOINT WARNING * * *
You feel sick. The scorpion stings you!
You die...

..#......# ..#......#
.........# ....#....#
....#....#
....#....########
................#
....#........##.######..
....##.......#..@O......
....##.......#..s.......
....##.......#..........
....##.......#..........
..####.......#.....=....
........................
...######...............
......#.................
.............


You could see an ogre and a scorpion.

Vanquished Creatures
  An iguana (D:4)
  2 orc wizards
  An adder (D:4)
  3 gnolls (D:3)
  3 oozes (D:3)
  5 dart slugs
  A leopard gecko (D:2)
  11 orcs
  5 giant cockroaches
  5 goblins
  3 hobgoblins
  6 jackals
  A quokka (D:3)
  2 ball pythons
  7 bats
  4 frilled lizards
  A jackal skeleton (D:4)
  8 kobolds
  10 rats
79 creatures vanquished.

Notes
Turn   | Place    | Note
-------+----------+-------------------------------------------
     0 | D:1      | LORDOFBUTT the Human Berserker began the quest for the Orb.
     0 | D:1      | Reached XP level 1. HP: 18/18 MP: 1/1
   297 | D:1      | Reached XP level 2. HP: 24/24 MP: 2/2
   834 | D:2      | Reached XP level 3. HP: 23/29 MP: 3/3
   868 | D:2      | Reached ** piety under Trog
  1584 | D:3      | Reached XP level 4. HP: 4/35 MP: 4/4
  1584 | D:3      | HP: 2/52 [rat (2)]
  2112 | D:3      | Reached XP level 5. HP: 32/42 MP: 5/5
  2147 | D:3      | HP: 2/42 [something (4)]
  3239 | D:4      | Reached *** piety under Trog
  3494 | D:4      | Reached XP level 6. HP: 13/48 MP: 6/6
  3862 | D:4      | Noticed an ogre
  3873 | D:4      | HP: 3/72 [poisoned by a scorpion]
  3873 | D:4      | Slain by a scorpion

Vault maps used:
D:1:      tarquinn_simple_flora_water_f, minmay_misc_feat_doors
D:4:      first_bread

Skill      XL: |  1  2  3  4  5 |
---------------+----------------+-----
Dodging        | 3 |  3.4
Fighting       | 4 |  4.2
Maces & Flails | 4 |  4.1
Armour         | 3 |  3.1

Action                   |  1- 3 |  4- 6 || total
-------------------------+-------+-------++-------
Melee: Mace              |   114 |    12 ||   126
       Flail             |       |   101 ||   101
Invok: Berserk           |     1 |     4 ||     5
  Use: Scroll            |     3 |     1 ||     4
       Potion            |     2 |       ||     2
  Eat: Fruit             |     7 |     4 ||    11
       Beef jerky        |     1 |       ||     1
       Chunk             |       |     3 ||     3
Armor: Animal skin       |    28 |    32 ||    60
Dodge: Dodged            |    89 |    83 ||   172
